 Dungeon Crawl Stone Soup version 0.21-a0-529-g8c7b3f5 (webtiles) character file.

415 Lavandula the Cutter (level 6, -2/48 HPs)
             Began as a Mummy Chaos Knight on Dec 10, 2017.
             Slain by Natasha (9 damage)
             ... on level 3 of the Dungeon.
             The game lasted 00:10:10 (3591 turns).

Lavandula the Cutter (Mummy Chaos Knight)           Turns: 3591, Time: 00:10:23

Health: -2/48      AC:  6    Str: 15    XL:     6   Next: 60%
Magic:  6/6        EV: 12    Int: 12    God:    Xom [..*...]
Gold:   130        SH:  0    Dex: 13    Spells: 5/5 levels left

rFire    x . .     SeeInvis .   h - +1 dagger (venom)
rCold    + . .     Gourm    .   (no shield)
rNeg     + + +     Faith    .   b - +2 leather armour
rPois    ∞         Spirit   .   (no helmet)
rElec    .         Reflect  .   (no cloak)
rCorr    .         Harm     .   (no gloves)
MR       .....                  l - +0 pair of boots
Stlth    +.........             (no amulet)
HPRegen  0.16/turn              (no ring)
MPRegen  0.10/turn              (no ring)

@: no status effects
A: no food or potions, fire vulnerability, cold resistance 1, negative energy
resistance 3, torment resistance, unbreathing
a: Renounce Religion


You were on level 3 of the Dungeon.
You worshipped Xom.
You were a toy of Xom.
You were not hungry.

You visited 1 branch of the dungeon, and saw 3 of its levels.
You also visited: Sewer.

You collected 130 gold pieces.

Inventory:

Hand Weapons
 a - a +0 short sword of chaos
 h - a +1 dagger of venom (weapon)
 j - a +3 dagger
Armour
 b - a +2 leather armour (worn)
 l - a +0 pair of boots (worn)
Scrolls
 c - 2 scrolls of remove curse
 d - a scroll of identify
 e - a scroll of amnesia
 f - 3 scrolls of teleportation
 g - a scroll of magic mapping
 i - a scroll of fog
 k - a scroll of fear
Books
 m - Vufeur's Disquisition on Ensnaring Black Arts
   (Xom gifted it to you on level 3 of the Dungeon)

   Spells                             Type                      Level
   a - Animate Skeleton               Necromancy                   1
   b - Slow                           Hexes                        2
   c - Inner Flame                    Hexes/Fire                   3
   d - Fulminant Prism                Conjuration/Hexes            4
   e - Darkness                       Hexes                        6


   Skills:
 - Level 4.0 Fighting
 + Level 5.4 Short Blades
 - Level 1.5 Armour
 - Level 2.0 Dodging


You had 5 spell levels left.
You didn't know any spells.

Dungeon Overview and Level Annotations

Branches:
Dungeon (3/15)

Altars:
Elyvilon
Wu Jian

Annotations:
D:3 Natasha


Innate Abilities, Weirdness & Mutations

You do not eat or drink.
Your flesh is vulnerable to fire.
You are immune to poison.
Your flesh is cold resistant. (rC+)
You are immune to negative energy. (rN+++)
You are immune to unholy pain and torment.
You can survive without breathing.


Message History

You feel troubled. Natasha claws you. The crimson imp closely misses you.
The white imp gestures at you. The puff of frost hits you! You resist.
Natasha claws you. The crimson imp closely misses you.
The bat barely misses you. The white imp gestures at you.
The puff of frost hits you! You resist.
* * * LOW HITPOINT WARNING * * *
Natasha closely misses you. The crimson imp barely misses you.
The white imp misses you. Natasha claws you but does no damage.
The bat barely misses you. The crimson imp hits you.
* * * LOW HITPOINT WARNING * * *
The bat barely misses you. The white imp gestures at you.
The puff of frost hits you! You resist.
* * * LOW HITPOINT WARNING * * *
Natasha claws you!
You die...
Xom thinks this is hilarious!

......(......)..)..#.......#*,,,,
...)....######.....#.......#**,,,
........'....+.....#.......#***+*
........######.....#........,,,,*
###'####....##.....#........,,,,*
#.####....##.....#........,,,,,
#.##.......'.....#........,,*,* #
#.##.#######.5..b#).......,,*,*
###.##.# #5h@......#####*,*,*
..#.##.# ##5#'#....# *,*,*
#...##.# #.#.+<)..# ***,*,*
###.##.# #.#.#....# *,,,,,,
#.##.# #.#.#....# *,**,,* #.##.#
#.#.###+## *,**,>, #.##.#
####.#.#**,* *,***** ###.#<.#
#....#.#,,,* *,* ....####
#.####,*,*** *,*


You could see Natasha, 2 crimson imps, a white imp and a bat.

Vanquished Creatures
  2 big kobolds (Sewer)
  An orc priest (D:3)
  Natasha (twice) (D:3)
  3 adders
  4 river rats (Sewer)
  5 oozes
  A worm (D:3)
  3 dart slugs
  3 leopard geckos
  4 orcs (D:3)
  5 ball pythons
  6 bats
  7 giant cockroaches
  10 goblins
  11 hobgoblins
  3 jackals (D:2)
  2 quokkas (D:2)
  4 frilled lizards
  11 kobolds
  9 rats
96 creatures vanquished.

Vanquished Creatures (others)
  A shadow imp (D:3)
1 creature vanquished.

Grand Total: 97 creatures vanquished

Notes
Turn   | Place    | Note
-------+----------+-------------------------------------------
     0 | D:1      | Lavandula the Mummy Chaos Knight began the quest for the Orb.
     0 | D:1      | Reached XP level 1. HP: 18/18 MP: 1/1
   189 | D:1      | Reached XP level 2. HP: 19/24 MP: 2/2
   190 | D:1      | Reached skill level 3 in Short Blades
   260 | D:1      | XOM: divination: magic mapping
   327 | D:1      | XOM: god gift: meat ration
   861 | D:1      | Reached XP level 3. HP: 27/29 MP: 3/3
  1229 | D:2      | Found a faded altar of an unknown god.
  1238 | D:2      | Reached skill level 4 in Short Blades
  1421 | D:2      | Reached XP level 4. HP: 34/35 MP: 4/4
  1706 | D:2      | Found an ornate altar of the Wu Jian Council.
  1881 | D:3      | Found a glowing drain.
  1896 | Sewer    | Entered a sewer
  1964 | Sewer    | Noticed a big kobold
  1971 | Sewer    | XOM: fog
  1974 | Sewer    | XOM: cast spell 'Cause Fear'
  1983 | Sewer    | Killed a big kobold
  1983 | Sewer    | Reached skill level 5 in Short Blades
  1983 | Sewer    | Reached XP level 5. HP: 27/41 MP: 5/5
  2019 | Sewer    | XOM: 1-stop teleportation journey
  2037 | Sewer    | XOM: potion effect (heal wounds)
  2094 | Sewer    | Reached XP level 6. HP: 36/48 MP: 6/6
  2105 | Sewer    | Reached skill level 1 in Dodging
  2323 | Sewer    | XOM: cloud trail
  2387 | D:3      | XOM: destruction
  2463 | D:2      | XOM: mild Erth miscast
  2674 | D:3      | XOM: blink monster(s)
  2808 | D:3      | XOM is BORED!
  2808 | D:3      | XOM: mild Tmut miscast
  2962 | D:3      | XOM: cloud trail
  3052 | D:3      | XOM: harmless Summ miscast
  3076 | D:3      | Found a white marble altar of Elyvilon.
  3132 | D:3      | XOM: cloud trail
  3134 | D:3      | Noticed Natasha
  3136 | D:3      | XOM: confuse monster(s)
  3138 | D:3      | Killed Natasha
  3152 | D:3      | Noticed Natasha
  3170 | D:3      | XOM: divination: detect items
  3176 | D:3      | HP: 1/48 [Natasha/magic dart (3)]
  3177 | D:3      | XOM: medium Air miscast
  3177 | D:3      | Killed Natasha
  3197 | D:3      | XOM: god gift: royal jelly
  3532 | D:3      | XOM: god gift: pair of boots {god gift}
  3553 | D:3      | Identified Vufeur's Disquisition on Ensnaring Black Arts (Xom gifted it to you on level 3 of the Dungeon)
  3553 | D:3      | XOM: god gift: Vufeur's Disquisition on Ensnaring Black Arts
  3559 | D:3      | Noticed Natasha
  3591 | D:3      | Slain by Natasha

Vault maps used:
D:1:      lightli_arrival_windingriver
D:2:      nicolae_overflow_crystal_walls, chequers_ecumenical_altar_simple_redux
D:3:      tso_altar, marbit_many_paths, cheibrodos_sewer_entry_drain,
          first_bread, uniq_natasha
Sewer:    sewer_co_15_rooms

Skill      XL: |  1  2  3  4  5  6 |
---------------+-------------------+-----
Short Blades   | 3 4 5 |  5.4
Fighting       | 4 |  4.0
Dodging        | 2 |  2.0
Armour         | |  1.5

Action                   |  1- 3 |  4- 6 || total
-------------------------+-------+-------++-------
Melee: Short sword       |    77 |       ||    77
       Dagger            |    56 |   240 ||   296
  Use: Scroll            |     3 |     5 ||     8
 Stab: Fleeing           |       |     1 ||     1
       Confused          |       |     1 ||     1
       Paralysed         |       |     1 ||     1
Armor: Leather armour    |    32 |    83 ||   115
Dodge: Dodged            |    65 |   173 ||   238

Table legend:
 A = Spawn XP
 B = Non-spawn XP
 C = Spawn XP percentage of total XP
 D = Spawn monster count
 E = Non-spawn monster count
 F = Spawn count percentage of total count
 G = Total turns spent on level
                    A         B        C        D         E        F      G
               +---------+---------+-------+---------+---------+-------+---------
         Total |       0 |     594 |   0.0 |       0 |      96 |   0.0 |  3591
               +---------+---------+-------+---------+---------+-------+---------
           D:1 |       0 |      48 |   0.0 |       0 |      24 |   0.0 |   978
           D:2 |       0 |      86 |   0.0 |       0 |      28 |   0.0 |  1087
           D:3 |       0 |     178 |   0.0 |       0 |      29 |   0.0 |  1044
         Sewer |       0 |     282 |   0.0 |       0 |      15 |   0.0 |   482
               +---------+---------+-------+---------+---------+-------+---------
